 Dungeon Crawl Stone Soup version 0.30-a0-125-g51eefa89be (webtiles) character file.

Game seed: 9746705056897076374

11714 ragingrage the Arsonist (level 11, 0/81 HPs)
             Began as a Demonspawn Cinder Acolyte on Sept 19, 2022.
             Was a High Priest of Ignis.
             Slain by a centaur warrior
             ... wielding a staff of air
              (7 damage)
             ... on level 11 of the Dungeon.
             The game lasted 00:14:38 (13560 turns).

ragingrage the Arsonist (DsCA)                     Turns: 13560, Time: 00:14:39

Health: 0/81       AC:  9    Str: 14    XL:     11   Next: 52%
Magic:  0/25       EV: 16    Int: 26    God:    Ignis [*****.]
Gold:   404        SH:  0    Dex:  8    Spells: 28/30 levels left

rFire   + . .      SeeInvis .    a - +8 quarterstaff of Moderation {protect, Int+2}
rCold   . . .      Faith    .    (shield currently unavailable)
rNeg    + . .      Spirit   +    N - +1 leather armour {rN+}
rPois   +          Reflect  .    L - +0 helmet {Int+3}
rElec   .          Harm     .    m - +0 cloak
rCorr   .          Rampage  .    u - +0 pair of gloves
Will    .....                    d - +0 pair of boots
Stlth   +.........               (no amulet)
HPRegen 0.23/turn                I - ring of poison resistance
MPRegen 0.38/turn                p - +4 ring of evasion

@: no status effects
A: hooves 2, magic shield, magic regeneration, magic link
a: Renounce Religion, Fiery Armour, Foxfire Swarm, Rising Flame


You were on level 11 of the Dungeon.
You worshipped Ignis.
Ignis was extremely pleased with you.
You visited 1 branch of the dungeon, and saw 11 of its levels.

You collected 585 gold pieces.
You spent 181 gold pieces at shops.

Inventory:

Hand Weapons
 a - the +8 quarterstaff of Moderation (weapon) {protect, Int+2}
   (You found it on level 8 of the Dungeon)

   It grants its wielder temporary protection when it strikes (+7 to AC).
   Int:       It affects your intelligence (+2).
 b - a +4 demon trident of freezing
Missiles
 J - 9 javelins (quivered)
 K - 27 poisoned darts
Armour
 d - a +0 pair of boots (worn)
 m - a +0 cloak (worn)
 q - a +0 robe of resistance
 t - a +3 leather armour
 u - a +0 pair of gloves (worn)
 L - a +0 helmet of intelligence (worn)
 N - a +1 leather armour of positive energy (worn)
Magical Staves
 g - a staff of conjuration
Jewellery
 j - a ring of wizardry
 o - a ring of protection from cold
 p - a +4 ring of evasion (right hand)
 y - a +4 ring of evasion
 I - a ring of poison resistance (left hand)
Wands
 h - a wand of digging (6)
 i - a wand of paralysis (2)
 n - a wand of mindburst (20)
 G - a wand of flame (40)
Scrolls
 f - 4 scrolls of immolation
 r - 8 scrolls of identify
 s - a scroll of silence
 v - 3 scrolls of vulnerability
 B - 2 scrolls of poison
 H - 3 scrolls of enchant weapon
Potions
 c - 3 potions of flight
 k - 6 potions of curing
 l - 5 potions of attraction {unknown}
 w - a potion of magic
 x - a potion of haste {unknown}
 z - a potion of invisibility {unknown}
 A - 2 potions of mutation {unknown}
 D - 2 potions of might
 E - 5 potions of brilliance {unknown}
 F - 3 potions of heal wounds
 M - a potion of lignification {unknown}
Miscellaneous
 e - a phantom mirror


   Skills:
 + Level 6.2 Fighting
 - Level 2.8 Polearms
 + Level 4.7 Armour
 + Level 4.8 Dodging
 - Level 10.0 Spellcasting
 - Level 10.2 Fire Magic
 - Level 5.0 Evocations


You had 28 spell levels left.
You knew the following spells:

 Your Spells              Type           Power      Damage    Failure   Level
a - Scorch                Fire           100%       2d10      1%          2

Your spell library contained the following spells:

 Spells                   Type           Power      Damage    Failure   Level
 Beastly Appendage        Tmut           26%        N/A       5%          1
 Cigotuvi's Dreadful Rot  Necr/Pois/Air  26%        N/A       9%          2
 Ensorcelled Hibernation  Hex/Ice        26%        N/A       9%          2
 Poisonous Vapours        Pois/Air       26%        N/A       9%          2
 Wereblood                Tmut           13%        N/A       9%          2
 Dazzling Flash           Conj/Hex       26%        N/A       17%         3
 Spider Form              Tmut/Pois      13%        N/A       17%         3
 Anguish                  Hex/Necr       6%         N/A       50%         4
 Agony                    Necr           13%        N/A       83%         5
 Silence                  Hex/Air        6%         N/A       83%         5


Dungeon Overview and Level Annotations

Branches:
Dungeon (11/15)            Temple (0/1) D:5            Lair (0/5) D:9
    Orc (0/2) D:11

Altars:
Ashenzari
Okawaru
Ru

Shops:
D:11 *

Portals:
Abyss: D:5

Annotations:
D:3 Grinder
D:5 2 transporters, Jeffwins's ghost, novice HuWn
D:8 exclusion: downstairs


Innate Abilities, Weirdness & Mutations

You have hoof-like feet.
When hurt, damage is shared between your health and your magic reserves.
You regenerate magic rapidly.
When low on magic, you restore magic in place of health.


Message History

You are electrocuted!
* * * LOW HITPOINT WARNING * * *
The centaur warrior kicks you.
* * * LOW HITPOINT WARNING * * *
Unknown command.
Casting: Scorch (safe; 1% risk of failure)
Confirm with . or Enter, or press ? or * to list all spells.
Flames lash the centaur warrior.
The centaur warrior is burned terribly!
The centaur warrior is severely wounded.
The centaur warrior hits you but does no damage.
You are electrocuted.
* * * LOW HITPOINT WARNING * * *
The centaur warrior completely misses you.
The centaur warrior hits you with a staff of air.
* * * LOW HITPOINT WARNING * * *
The centaur warrior kicks you but does no damage.
Unknown command.
You feel much better.
The centaur warrior hits you with a staff of air.
* * * LOW HITPOINT WARNING * * *
You are electrocuted.
* * * LOW HITPOINT WARNING * * *
The centaur warrior kicks you but does no damage.
Unknown command.
Aiming: Paralyse
Press: ? - help, Shift-Dir - straight line, f - centaur warrior
Aim: a centaur warrior, wielding a staff of air and wearing a +0 robe (severely wounded, more vulnerable to fire, chance to affect: 44%)
Okay, then.
Aiming: Paralyse
Press: ? - help, Shift-Dir - straight line, f - centaur warrior
Aim: a centaur warrior, wielding a staff of air and wearing a +0 robe (severely wounded, more vulnerable to fire, chance to affect: 44%)
The centaur warrior resists with some effort.
The centaur warrior hits you with a staff of air.
* * * LOW HITPOINT WARNING * * *
You are electrocuted!
* * * LOW HITPOINT WARNING * * *
The centaur warrior kicks you but does no damage.
The centaur warrior hits you but does no damage.
You are electrocuted!
You die...

####.#.###..#..##.###.####
####..........##..##.........
............###..........####
####.......###...########
#........##...#
#.............#
#...>...†##..##
####........c...#
..##.......##@###
#.##.....).##)#
#.##.c.....##.#
####.#.....)..##.#
.......#.#.[..##(.#
####.##.#.#.####.(..
...>...###)..######''#
####.##.#.....# ....
#[##..#...## ....


You could see a centaur warrior (combustible).

Vanquished Creatures
  3 two-headed ogres
  Urug (D:11)
  Pikel (D:6)
  A manticore (D:11)
  A cyclops (D:11)
  2 trolls
  A hornet (D:9)
  3 wyverns
  19 yaks
  A steam dragon (D:8)
  A vampire mosquito (D:11)
  Edmund (D:6)
  2 water moccasins
  6 orc warriors
  2 sky beasts (D:7)
  2 ice beasts
  3 ogres
  5 centaurs
  2 lemures (D:6)
  4 kobold brigands
  A phantom (D:4)
  3 bullfrogs
  2 scorpions
  8 wights
  2 killer bees (D:11)
  A howler monkey (D:6)
  A jelly (D:4)
  3 hounds
  A gnoll bouda (D:7)
  8 orc priests
  Natasha (thrice) (D:2)
  5 iguanas
  7 orc wizards
  Robin (D:3)
  8 gnolls
  9 adders
  A white imp (D:8)
  3 dart slugs
  29 orcs
  6 bats
  3 endoplasms
  3 giant cockroaches
  15 goblins
  4 hobgoblins
  6 jackals
  5 quokkas
  7 ball pythons
  3 frilled lizards
  24 kobolds
  4 rats
237 creatures vanquished.

Vanquished Creatures (others)
  36 plants (D:11)
36 creatures vanquished.

Grand Total: 273 creatures vanquished

Notes
Turn   | Place    | Note
-------+----------+-------------------------------------------
     0 | D:1      | ragingrage the Demonspawn Cinder Acolyte began the quest
                  | for the Orb.
     0 | D:1      | Reached XP level 1. HP: 18/18 MP: 2/2
   455 | D:1      | Gained mutation: You have large cloven feet. [demonic
                  | ancestry]
   455 | D:1      | Reached XP level 2. HP: 22/24 MP: 4/4
   469 | D:1      | Learned a level 2 spell: Scorch
   472 | D:1      | Found a faded altar of an unknown god.
  1205 | D:2      | Reached XP level 3. HP: 27/29 MP: 0/6
  1324 | D:2      | Noticed Natasha
  1327 | D:2      | Killed Natasha
  2112 | D:2      | Gained mutation: You regenerate magic rapidly. [demonic
                  | ancestry]
  2112 | D:2      | Reached XP level 4. HP: 35/35 MP: 4/7
  2132 | D:2      | Noticed Natasha
  2135 | D:2      | Killed Natasha
  2156 | D:2      | Noticed Natasha
  2267 | D:2      | Killed Natasha
  2326 | D:3      | Noticed Grinder
  2439 | D:3      | Gained mutation: When hurt, damage is shared between your
                  | health and your magic reserves. [demonic ancestry]
  2439 | D:3      | Reached XP level 5. HP: 28/41 MP: 0/9
  2781 | D:3      | Noticed Robin
  2885 | D:4      | Noticed a phantom
  2889 | D:4      | Killed a phantom
  3009 | D:4      | Gained mutation: When low on magic, you restore magic in
                  | place of health. [demonic ancestry]
  3009 | D:4      | Reached XP level 6. HP: 36/47 MP: 1/11
  3040 | D:4      | Noticed an ice beast
  3046 | D:4      | Killed an ice beast
  3047 | D:4      | Reached skill level 5 in Fire Magic
  3212 | D:4      | Reached XP level 7. HP: 52/52 MP: 8/14
  3414 | D:3      | Killed Robin
  3494 | D:4      | Reached skill level 5 in Spellcasting
  3746 | D:5      | Entered Level 5 of the Dungeon
  3884 | D:5      | Found a transporter.
  4228 | D:5      | Found a one-way gate to the infinite horrors of the Abyss.
  4239 | D:5      | Noticed Jeffwins's ghost (novice HuWn)
  4259 | D:5      | Found a transporter.
  4374 | D:5      | Found a staircase to the Ecumenical Temple.
  4963 | D:6      | Gained mutation: You have hoof-like feet. [demonic
                  | ancestry]
  4963 | D:6      | Reached XP level 8. HP: 45/58 MP: 6/17
  5620 | D:6      | Found a sacrificial altar of Ru.
  5644 | D:6      | Noticed Pikel
  5946 | D:6      | Killed Pikel
  6085 | D:6      | Reached XP level 9. HP: 63/63 MP: 12/20
  6089 | D:6      | Noticed Edmund
  6155 | D:6      | Found a broken altar of Ashenzari.
  6677 | D:6      | Killed Edmund
  7194 | D:7      | Identified the +6 flail of Bodily Humours {vorpal, Dex+3}
  7289 | D:7      | Found an iron altar of Okawaru.
  8043 | D:8      | Noticed a two-headed ogre
  8423 | D:8      | Identified the +8 quarterstaff of Moderation {protect,
                  | Int+2}
  8579 | D:9      | Noticed a two-headed ogre
  8587 | D:9      | Killed a two-headed ogre
  8588 | D:9      | Reached XP level 10. HP: 31/70 MP: 5/23
  9086 | D:9      | Reached skill level 10 in Fire Magic
  9808 | D:8      | Killed a two-headed ogre
  9809 | D:8      | Reached skill level 1 in Armour
  9809 | D:8      | Reached skill level 1 in Dodging
  9809 | D:8      | Reached skill level 1 in Evocations
  9917 | D:8      | Reached skill level 10 in Spellcasting
 10338 | D:9      | Found a staircase to the Lair.
 11069 | D:10     | Entered Level 10 of the Dungeon
 11759 | D:10     | Reached XP level 11. HP: 33/78 MP: 4/25
 11761 | D:10     | Reached skill level 5 in Fighting
 12230 | D:11     | Noticed Urug
 12244 | D:11     | Killed Urug
 12568 | D:11     | Found Wikkameiro's General Store.
 12571 | D:11     | Noticed a centaur warrior
 13056 | D:11     | Bought a potion of heal wounds for 55 gold pieces
 13056 | D:11     | Bought a +0 helmet of intelligence for 126 gold pieces
 13222 | D:11     | Found a staircase to the Orcish Mines.
 13412 | D:11     | Noticed a two-headed ogre
 13419 | D:11     | Killed a two-headed ogre
 13420 | D:11     | Reached skill level 5 in Evocations
 13560 | D:11     | Slain by a centaur warrior

Illustrated notes

Levels and vault maps discovered:
D:1:      amcnicky_arrival_gap_in_the_tavern_cellar, layout_loops_corners,
          ebering_ecumenical_altar_rust, feat_on_display
D:2:      layout_basic, kennysheep_small_spiral, kennysheep_generic_room_6,
          uniq_natasha
D:3:      layout_loops_ring, uniq_robin, uniq_jessica, uniq_grinder
D:4:      layout_cave_pools, nicolae_overflow_crystal_walls,
          grunt_decor_one_mirror
D:5:      layout_basic, temple_doors_cd, gammafunk_ghost_abyssal_escape
D:6:      layout_cave_pools, mainiacjoe_overflow_surrounded_room,
          nicolae_overflow_squiral, uniq_edmund, uniq_pikel
D:7:      layout_basic, okawaru_ov_weapons_minmay
D:8:      layout_cave_pools
D:9:      layout_roguey, dpeg_oklobed_lair
D:10:     layout_roguey
D:11:     layout_loops_ring, orc_david_3, serial_shops, nicolae_stop_n_shop_1,
          serial_bayou_pond_b, nicolae_looking_at_the_future, uniq_urug

Skill      XL: |  1  2  3  4  5  6  7  8  9 10 11 |
---------------+----------------------------------+-----
Fire Magic     | 3 4 5 6 8 9 10 | 10.2
Spellcasting   | 2 3 4 6 7 9 10 | 10.0
Armour         | 3 4 |  4.7
Dodging        | 3 4 |  4.8
Evocations     | 3 5 |  5.0
Fighting       | 4 6 |  6.2
Polearms       | |  2.8

Action                   |  1- 3 |  4- 6 |  7- 9 | 10-12 || total
-------------------------+-------+-------+-------+-------++-------
Melee: Spear             |    54 |       |       |       ||    54
       Punch             |     2 |       |     1 |       ||     3
       Dagger            |       |    35 |    30 |       ||    65
       Flail             |       |       |    26 |       ||    26
       Quarterstaff      |       |       |     1 |    48 ||    49
       Demon trident     |       |       |       |     8 ||     8
Throw: Dart              |       |       |     3 |     4 ||     7
 Cast: Scorch            |    22 |    48 |   180 |   184 ||   434
Evoke: Wand              |       |       |     2 |     3 ||     5
  Use: Scroll            |       |       |    15 |     2 ||    17
       Potion            |       |       |     2 |     3 ||     5
Armor: Robe              |    17 |    21 |    38 |    14 ||    90
       Leather armour    |       |       |       |    27 ||    27
Dodge: Dodged            |    36 |    31 |   136 |   122 ||   325

Table legend: (Time is in decaauts)
 A = Elapsed time spent in this place.
 B = Non-inter-level travel time spent in this place.
 C = Inter-level travel time spent in this place.
 D = Time resting spent in this place.
 E = Time spent auto-exploring this place.
 F = Levels seen in this place.
 G = Mean time per level.
                   A        B        C        D        E       F      G
               +--------+--------+--------+--------+--------+-----+--------+
         Total |  13594 |  13106 |    488 |   5109 |   6063 |  11 | 1235.8 |
       Dungeon |  13594 |  13106 |    488 |   5109 |   6063 |  11 | 1235.8 |
               +--------+--------+--------+--------+--------+-----+--------+

Top non-repeatable levels by time:
     D:7: 1735 daAuts
     D:6: 1632 daAuts
     D:5: 1551 daAuts
     D:9: 1481 daAuts
    D:10: 1441 daAuts
     D:2: 1359 daAuts
     D:8: 1069 daAuts
     D:1: 988 daAuts
    D:11: 941 daAuts
     D:4: 906 daAuts
     D:3: 486 daAuts
